 Dungeon Crawl Stone Soup version 0.26.1-11-gd32895ea62 (webtiles) character file.

Game seed: 13132688563243261548

116 GenialerGandalf the Chopper (level 5, -2/46 HPs)
             Began as a Hill Orc Fighter on May 10, 2021.
             Slain by Purgy (4 damage)
             ... on level 3 of the Dungeon.
             The game lasted 00:06:19 (2279 turns).

GenialerGandalf the Chopper (Hill Orc Fighter)      Turns: 2279, Time: 00:06:19

Health: -2/46      AC:  7    Str: 20    XL:     5   Next: 0%
Magic:  5/5        EV:  7    Int:  8    God:
Gold:   196        SH:  9    Dex: 10    Spells: 4/4 levels left

rFire    . . .     SeeInvis .   a - +0 war axe
rCold    . . .     Faith    .   c - +0 kite shield
rNeg     . . .     Spirit   .   b - +0 scale mail
rPois    .         Reflect  .   (no helmet)
rElec    .         Harm     .   (no cloak)
rCorr    .         Rampage  .   (no gloves)
Will     .....                  (no boots)
Stlth    ..........             (no amulet)
HPRegen  0.15/turn              (no ring)
MPRegen  0.09/turn              (no ring)

@: no status effects
A: no striking features
a: no special abilities


You were on level 3 of the Dungeon.
You visited 1 branch of the dungeon, and saw 3 of its levels.

You collected 196 gold pieces.

Inventory:

Hand Weapons
 a - a +0 war axe (weapon)
Armour
 b - a +0 scale mail (worn)
 c - a +0 kite shield (worn)
Jewellery
 k - an uncursed ring of protection from cold {unknown}
Scrolls
 e - a scroll of fear {unknown}
 g - a scroll of enchant armour {unknown}
 h - 3 scrolls of remove curse
 i - a scroll of amnesia {unknown}
 j - a scroll of enchant weapon {unknown}
 m - a scroll of identify {unknown}
Potions
 d - a potion of might
 f - 4 potions of curing {unknown}
 l - a potion of invisibility {unknown}


   Skills:
 + Level 4.2 Fighting
 + Level 4.3 Axes
 + Level 4.1 Armour
 + Level 0.6 Dodging
 + Level 4.0 Shields


You had 4 spell levels left.
You didn't know any spells.
Your spell library was empty.

Dungeon Overview and Level Annotations

Branches:
Dungeon (3/15)

Altars:
Zin

Annotations:
D:3 Purgy


Message History

Purgy bites you! Purgy barely misses you. You block Purgy's attack.
You closely miss Purgy.
Purgy is severely wounded.
You block Purgy's attack. Purgy claws you but does no damage. Purgy claws you.
Purgy bites you.
* * * LOW HITPOINT WARNING * * *
Purgy claws you.
* * * LOW HITPOINT WARNING * * *
Purgy claws you.
* * * LOW HITPOINT WARNING * * *
You closely miss Purgy.
Purgy is severely wounded.
Purgy bites you.
* * * LOW HITPOINT WARNING * * *
Purgy closely misses you. Purgy claws you but does no damage.
You closely miss Purgy.
Purgy is severely wounded.
You block Purgy's attack. Purgy closely misses you. Purgy barely misses you.
Purgy bites you.
You die...

#.###############
#.#..............
#.#.#############
#.#.# #.#.#
#.#.#############
#.#........>.....
##...........#####
#@†...............
##T#.#######..#####
#<†...........# ##
##.#.#.####...# #.
#.#.#....#...# #.
####.#......#...#
#.
#....########...#
#.
#...............#
#.
#....########.#.#
#.


You could see Purgy.

Vanquished Creatures
  2 adders
  2 worms
  3 dart slugs
  2 leopard geckos (D:2)
  6 orcs (D:3)
  A ball python (D:2)
  5 bats
  6 giant cockroaches
  5 goblins
  14 hobgoblins
  2 jackals (D:3)
  A quokka (D:2)
  A frilled lizard (D:1)
  13 kobolds
  7 rats
70 creatures vanquished.

Notes
Turn   | Place    | Note
-------+----------+-------------------------------------------
     0 | D:1      | GenialerGandalf the Hill Orc Fighter began the quest for
                  | the Orb.
     0 | D:1      | Reached XP level 1. HP: 19/19 MP: 1/1
   296 | D:1      | Reached XP level 2. HP: 27/27 MP: 2/2
   467 | D:1      | Reached XP level 3. HP: 32/33 MP: 3/3
  1055 | D:2      | Reached XP level 4. HP: 40/40 MP: 4/4
  1621 | D:2      | Found a glowing silver altar of Zin.
  2213 | D:3      | Noticed Purgy
  2266 | D:3      | Reached XP level 5. HP: 34/46 MP: 5/5
  2278 | D:3      | HP: 2/46 [Purgy (6)]
  2279 | D:3      | Slain by Purgy

Illustrated notes

Levels and vault maps discovered:
D:1:      dpeg_arrival_arbitrary_a, layout_rooms, minmay_misc_feat_columns
D:2:      layout_rooms, lemuel_doored_altar
D:3:      layout_basic, uniq_purgy

Skill      XL: |  1  2  3  4 |
---------------+-------------+-----
Axes           | 3 4 |  4.3
Fighting       | 4 |  4.2
Armour         | 4 |  4.1
Shields        | 4 |  4.0
Dodging        | |  0.6

Action                   |  1- 3 |  4- 6 || total
-------------------------+-------+-------++-------
Melee: War axe           |    83 |   109 ||   192
  Use: Scroll            |       |     1 ||     1
Armor: Scale mail        |    49 |    95 ||   144
Dodge: Dodged            |    29 |    57 ||    86
Block: Kite shield       |    57 |   104 ||   161
